 Dungeon Crawl Stone Soup version 0.29.1-15-g9cfb28693d (webtiles) character file.

Game seed: 3169703357698833169

7028 Alturiack the Skirmisher (level 10, -1/44 HPs)
             Began as a Spriggan Venom Mage on Apr 12, 2023.
             Was a Priest of Kikubaaqudgha.
             Slain by a centaur warrior zombie (3 damage)
             ... on level 10 of the Dungeon.
             The game lasted 00:49:28 (13223 turns).

Alturiack the Skirmisher (Spriggan Venom Mage)     Turns: 13223, Time: 00:49:29

Health: -1/44      AC:  6    Str:  4    XL:     10   Next: 82%
Magic:  24/24      EV: 24    Int: 25    God:    Kikubaaqudgha [***...]
Gold:   554        SH: 10    Dex: 18    Spells: 19/27 levels left

rFire   . . .      SeeInvis +   o - +1 sling (freeze)
rCold   . . .      Faith    .   A - +0 buckler
rNeg    . . .      Spirit   .   y - +0 steam dragon scales
rPois   .          Reflect  +   C - +1 hat
rElec   .          Harm     .   (no cloak)
rCorr   .          Rampage  .   (gloves unavailable)
Will    +....                   (boots unavailable)
Stlth   ++........              r - amulet of reflection
HPRegen 0.14/turn               c - +6 ring of intelligence
MPRegen 0.19/turn               t - +4 ring of evasion

@: very quick
A: very small, no large weapons, unfitting armour, see invisible, speed 3
a: Renounce Religion, Unearth Wretches


You were on level 10 of the Dungeon.
You worshipped Kikubaaqudgha.
Kikubaaqudgha was most pleased with you.
You visited 1 branch of the dungeon, and saw 10 of its levels.

You collected 554 gold pieces.

Inventory:

Hand Weapons
 g - a +2 vorpal sling
 o - a +1 sling of freezing (weapon)
Armour
 y - +0 steam dragon scales (worn)
 A - a +0 buckler (worn)
 B - a +2 robe of positive energy
 C - a +1 hat (worn)
Jewellery
 c - a +6 ring of intelligence (left hand)
 k - the ring of Zaunyr {Fly rF- Will+++ Int+7}
   (You found it on level 2 of the Dungeon)

   [ring of flight]

   Int:       It affects your intelligence (+7).
   rF:        It makes you vulnerable to fire.
   Fly:       It grants you flight.
   Will:      It greatly increases your willpower.
 r - an amulet of reflection (around neck)
 t - a +4 ring of evasion (right hand)
 I - a +4 ring of slaying
Wands
 z - a wand of flame (10)
Scrolls
 a - a scroll of enchant armour {unknown}
 e - 11 scrolls of identify {unknown}
 h - 2 scrolls of amnesia {unknown}
 i - 2 scrolls of teleportation {unknown}
 l - 2 scrolls of enchant weapon {unknown}
 n - 2 scrolls of noise {unknown}
 p - a scroll of poison {unknown}
 q - 2 scrolls of blinking {unknown}
 u - a scroll of vulnerability {unknown}
 D - a scroll of silence {unknown}
 E - a scroll of immolation {unknown}
 H - 4 scrolls of butterflies {unknown}
Potions
 b - 2 potions of magic
 d - 4 potions of flight {unknown}
 f - a potion of might {unknown}
 j - 4 potions of curing {unknown}
 m - 3 potions of heal wounds {unknown}
 s - a potion of brilliance {unknown}
 v - a potion of haste {unknown}
 w - 2 potions of ambrosia {unknown}
 x - 3 potions of attraction {unknown}
 F - a potion of degeneration {unknown}
 G - a potion of lignification {unknown}


   Skills:
 * Level 10.3 Ranged Weapons
 + Level 7.4 Dodging
 - Level 3.0 Stealth
 + Level 9.3 Spellcasting
 + Level 6.2 Necromancy
 - Level 1.3 Transmutations
 + Level 7.0 Poison Magic


You had 19 spell levels left.
You knew the following spells:

 Your Spells              Type           Power      Damage    Failure   Level
a - Sting                 Tmut/Pois      100%       1d8       1%          1
b - Poisonous Vapours     Pois/Air       58%        N/A       4%          2
c - Olgreb's Toxic Radia  Pois           47%        N/A       6%          4
d - Necrotise             Necr           100%       1d9       1%          1

Your spell library contained the following spells:

 Spells                   Type           Power      Damage    Failure   Level
 Sublimation of Blood     Necr           43%        N/A       1%          2
 Vampiric Draining        Necr           43%        2d9       2%          3
 Animate Dead             Necr           43%        N/A       9%          4
 Dispel Undead            Necr           43%        3d17      9%          4
 Ignite Poison            Fire/Tmut/Pois 25%        N/A       11%         3
 Mephitic Cloud           Conj/Pois/Air  23%        N/A       13%         3
 Corpse Rot               Necr/Pois/Air  34%        N/A       19%         4
 Agony                    Necr           43%        N/A       24%         5
 Conjure Flame            Conj/Fire      11%        6-21      34%         3
 Dazzling Flash           Conj/Hex       22%        N/A       34%         3
 Inner Flame              Hex/Fire       11%        N/A       34%         3
 Borgnjor's Vile Clutch   Necr/Erth      13%        N/A       65%         5
 Cause Fear               Hex            5%         N/A       75%         4
 Iskenderun's Mystic Bla  Conj/Tloc      11%        2d4       75%         4
 Sticky Flame             Conj/Fire      11%        2d3       75%         4
 Death Channel            Necr           21%        N/A       80%         6
 Iskenderun's Battlesphe  Conj           11%        2d7       97%         5
 Iron Shot                Conj/Erth      5%         9d2       100%        6
 Starburst                Conj/Fire      5%         6d4       100%        6
 Spellforged Servitor     Conj/Summ      5%         N/A       100%        7
 Discord                  Hex            5%         N/A       100%        8
 Chain Lightning          Conj/Air       5%         3d7       100%        9
 Fire Storm               Conj/Fire      5%         8d2       100%        9
 Shatter                  Erth           5%         3d8*      100%        9


Dungeon Overview and Level Annotations

Branches:
Dungeon (10/15)              Lair (0/5) D:10
 Temple: D:4-7          Orc: D:9-12

Altars:
Cheibriados
Hepliaklqana
Kikubaaqudgha
Makhleb
Wu Jian

Shops:
D:7 *   D:10 =


Innate Abilities, Weirdness & Mutations

You are very small and have problems with some larger weapons.
You are too small for most types of armour.
You have supernaturally acute eyesight. (SInv)
You cover ground extremely quickly. (Speed+++)


Message History

The sling bullet hits the centaur warrior zombie!
The centaur warrior zombie is severely damaged.
The centaur warrior zombie hits you!
* * * LOW HITPOINT WARNING * * *
You block the centaur warrior zombie's attack.
The centaur warrior zombie completely misses you.
The centaur warrior zombie kicks you.
* * * LOW HITPOINT WARNING * * *
You block the centaur warrior zombie's attack.
The centaur warrior zombie kicks you but does no damage.
Fire: o) +1 sling (freeze)
Press: ? - help, Q - select action, (/) - cycle Shift-Dir - straight line, f/p - centaur warrior zombie
Aim: a centaur warrior zombie (severely damaged, 87% to hit)
You shoot a sling bullet.
The sling bullet hits the centaur warrior zombie but does no damage.
The centaur warrior zombie is severely damaged.
The centaur warrior zombie completely misses you. x2
You block the centaur warrior zombie's attack.
The centaur warrior zombie completely misses you.
Fire: o) +1 sling (freeze)
Press: ? - help, Q - select action, (/) - cycle Shift-Dir - straight line, f/p - centaur warrior zombie
Aim: a centaur warrior zombie (severely damaged, 87% to hit)
You shoot a sling bullet.
The sling bullet hits the centaur warrior zombie.
The centaur warrior zombie is severely damaged.
The centaur warrior zombie hits you!
* * * LOW HITPOINT WARNING * * *
The centaur warrior zombie misses you. x2
You block the centaur warrior zombie's attack.
The centaur warrior zombie barely misses you.
You block the centaur warrior zombie's attack.
Fire: o) +1 sling (freeze)
Press: ? - help, Q - select action, (/) - cycle Shift-Dir - straight line, f/p - centaur warrior zombie
Aim: a centaur warrior zombie (severely damaged, 87% to hit)
You shoot a sling bullet.
The sling bullet hits the centaur warrior zombie.
The centaur warrior zombie is almost destroyed.
The centaur warrior zombie hits you.
You die...
Kikubaaqudgha rasps: "You have failed me!
Welcome... death!"

##.# ♣. ##..# #. ♣♣
.). #...# #.♣♣. ♣...
##..# ##..♣. ♣....
#...########.##...♣♣
......## .........).
......'.
#...###########...
.......## ##...# #Z#
...... ###.# #@#
.... ## #.# #Z# ...
#. #.# #.# #'# #.
#.# #.# #.# #.
####.# #.#
###.#####. .Z...#
#.# #.........
###### #.#
#.†..###.#
#.#######†((.(....
#.......†.)..###.#


You could see 2 centaur warrior zombies.

Vanquished Creatures
  2 two-headed ogres
  Erica (D:8)
  Sonja (D:10)
  A hornet (D:9)
  11 yaks (D:9)
  3 steam dragons
  2 water moccasins
  3 orc warriors
  An ice beast (D:7)
  An ogre (D:4)
  A phantom (D:5)
  4 centaurs
  3 kobold brigands
  A necrophage (D:4)
  4 bullfrogs
  3 scorpions (D:5)
  2 jellies
  2 centaur zombies (D:10)
  5 hounds
  An orc priest (D:10)
  A gnoll bouda (D:7)
  2 iguanas (D:5)
  4 orc wizards
  8 gnolls
  7 adders
  A white imp (D:7)
  2 worms (D:2)
  3 dart slugs
  13 orcs
  8 ball pythons
  9 bats
  8 endoplasms
  5 giant cockroaches
  6 goblins
  7 hobgoblins
  2 jackals (D:3)
  28 kobolds
  3 quokkas
  3 frilled lizards
  A goblin zombie (D:8)
  A quokka zombie (D:8)
  8 rats
182 creatures vanquished.

Vanquished Creatures (collateral kills)
  An orc priest (D:10)
1 creature vanquished.

Vanquished Creatures (others)
  A troll (D:10)
  A hornet (D:10)
  A kobold brigand (D:8)
  A scorpion (D:7)
  A howler monkey (D:10)
  An adder (D:7)
  A jackal (D:7)
  A rat (D:10)
8 creatures vanquished.

Grand Total: 191 creatures vanquished

Notes
Turn   | Place    | Note
-------+----------+-------------------------------------------
     0 | D:1      | Alturiack the Spriggan Venom Mage began the quest for the
                  | Orb.
     0 | D:1      | Reached XP level 1. HP: 9/9 MP: 5/5
   241 | D:1      | Reached XP level 2. HP: 13/13 MP: 4/7
   244 | D:1      | Learned a level 2 spell: Poisonous Vapours
   855 | D:1      | Reached XP level 3. HP: 16/16 MP: 4/8
  1072 | D:2      | Identified the ring of Zaunyr {Fly rF- Will+++ Int+7}
  1227 | D:2      | Reached skill level 1 in Ranged Weapons
  1522 | D:2      | Found an ancient bone altar of Kikubaaqudgha.
  1531 | D:2      | Became a worshipper of Kikubaaqudgha
  1600 | D:2      | Reached XP level 4. HP: 21/21 MP: 1/10
  1677 | D:2      | Found a faded altar of an unknown god.
  2651 | D:3      | Reached skill level 2 in Ranged Weapons
  2727 | D:3      | Reached * piety under Kikubaaqudgha
  2727 | D:3      | Received a gift from Kikubaaqudgha
  2813 | D:3      | Reached XP level 5. HP: 24/24 MP: 6/11
  3540 | D:4      | Found a snail-covered altar of Cheibriados.
  3946 | D:4      | Reached skill level 3 in Ranged Weapons
  4017 | D:4      | Noticed an ogre
  4032 | D:4      | Killed an ogre
  4033 | D:4      | Reached skill level 1 in Necromancy
  4033 | D:4      | Reached XP level 6. HP: 28/28 MP: 5/13
  4132 | D:4      | Learned a level 4 spell: Olgreb's Toxic Radiance
  4406 | D:4      | Found a faded altar of an unknown god.
  4406 | D:4      | Found a hazy altar of Hepliaklqana.
  4406 | D:4      | Found a faded altar of an unknown god.
  4702 | D:5      | Entered Level 5 of the Dungeon
  4818 | D:5      | Reached skill level 4 in Ranged Weapons
  4945 | D:5      | Reached skill level 5 in Spellcasting
  5036 | D:5      | Reached XP level 7. HP: 29/32 MP: 11/15
  5283 | D:5      | Noticed a steam dragon
  5340 | D:5      | Killed a steam dragon
  5341 | D:5      | Reached skill level 5 in Ranged Weapons
  5500 | D:5      | Noticed a two-headed ogre
  5553 | D:5      | Killed a two-headed ogre
  5554 | D:5      | Reached skill level 6 in Ranged Weapons
  5554 | D:5      | Reached XP level 8. HP: 36/36 MP: 7/18
  5811 | D:5      | Reached skill level 7 in Ranged Weapons
  6661 | D:7      | Noticed a two-headed ogre
  6803 | D:7      | Killed a two-headed ogre
  6804 | D:7      | Reached skill level 5 in Poison Magic
  6804 | D:7      | Reached XP level 9. HP: 39/39 MP: 4/20
  6915 | D:7      | Found Gaaploc's Elemental Accessories.
  7163 | D:7      | Found an ornate altar of the Wu Jian Council.
  7558 | D:7      | Reached skill level 8 in Ranged Weapons
  8442 | D:8      | Reached skill level 5 in Necromancy
  8475 | D:8      | Reached ** piety under Kikubaaqudgha
  9072 | D:8      | Found a burning altar of Makhleb.
  9080 | D:8      | Noticed Erica
  9164 | D:8      | Killed Erica
  9165 | D:8      | Reached skill level 5 in Dodging
  9431 | D:8      | Reached skill level 9 in Ranged Weapons
  9884 | D:9      | Reached XP level 10. HP: 36/44 MP: 17/23
 11279 | D:9      | Learned a level 1 spell: Necrotise
 11293 | D:10     | Entered Level 10 of the Dungeon
 11345 | D:10     | Found Etilaz's Jewellery Shop.
 11362 | D:10     | Reached *** piety under Kikubaaqudgha
 11362 | D:10     | Received a gift from Kikubaaqudgha
 11541 | D:10     | Noticed Sonja
 11555 | D:10     | Killed Sonja
 11556 | D:10     | Reached skill level 10 in Ranged Weapons
 11803 | D:10     | Found a staircase to the Lair.
 13222 | D:10     | HP: 2/44 [centaur warrior zombie (9)]
 13223 | D:10     | Slain by a centaur warrior zombie

Illustrated notes

Levels and vault maps discovered:
D:1:      dpeg_arrival_tiny_k, layout_loops_cross
D:2:      layout_loops_ring, nicolae_ecumenical_pavilion, basic_altar
D:3:      layout_basic, serial_rivers, chequers_serial_rivers_micro_a,
          chequers_serial_rivers_small_3, chequers_serial_rivers_large_a,
          chequers_serial_rivers_micro_a, chequers_serial_rivers_small_3,
          st_stairs_8, hangedman_decor_growths, minmay_between
D:4:      layout_cave_pods, kennysheep_slug_shrine,
          nicolae_hepliaklqana_ecumenical_no_more, nrook_mini_vaults
D:5:      layout_basic
D:6:      layout_rooms, minmay_temple_entry_nine_rooms
D:7:      layout_basic, general_overflow_altar, nicolae_elemental_shop,
          grunt_decor_junction
D:8:      layout_cave_pools, old_standard_altar, enter_ossuary_4, uniq_erica
D:9:      layout_loops_corners
D:10:     layout_loops_corners, nicolae_yredelemnul_corpse_copse,
          lair_entry_dummy, serial_shops, kennysheep_little_box, st_stairs_14,
          uniq_sonja

Skill      XL: |  1  2  3  4  5  6  7  8  9 10 |
---------------+-------------------------------+-----
Spellcasting   | 3 4 5 6 7 8 9 |  9.3
Ranged Weapons | 1 2 3 4 6 7 9 10 | 10.3
Poison Magic   | 4 5 6 7 |  7.0
Necromancy     | 1 2 3 4 5 6 |  6.2
Dodging        | 3 5 7 |  7.4
Stealth        | |  3.0
Transmutations | |  1.3

Action                   |  1- 3 |  4- 6 |  7- 9 | 10-12 || total
-------------------------+-------+-------+-------+-------++-------
 Fire: Sling             |    38 |   130 |   127 |    94 ||   389
 Cast: Sting             |    22 |    20 |    10 |    23 ||    75
       Poisonous Vapours |    21 |    43 |   107 |    27 ||   198
       Olgreb's Toxic Ra |       |       |     6 |     6 ||    12
       Necrotise         |       |       |       |    30 ||    30
Invok: Unearth Wretches  |       |       |     1 |     1 ||     2
Armor: Robe              |     3 |    15 |       |       ||    18
       Steam dragon scal |       |       |     2 |     7 ||     9
Dodge: Dodged            |    18 |    55 |    47 |    65 ||   185
Block: Other             |       |     8 |     3 |       ||    11
       Buckler           |       |       |    23 |    46 ||    69
       Reflection        |       |       |     7 |     5 ||    12
